 Dungeon Crawl Stone Soup version 0.31-a0-810-ga77100ea1a (webtiles) character file.

Game seed: 12916909623307176266

59342 RickyP602 the Severer (level 14, -4/130 HPs)
             Began as a Minotaur Fighter on Sept 20, 2023.
             Was a High Priest of the Shining One.
             Killed by divine providence
             ... invoked by an orc priest
              (13 damage)
             ... on level 1 of the Orcish Mines on Sept 21, 2023.
             The game lasted 00:55:44 (17794 turns).

RickyP602 the Severer (Minotaur Fighter)           Turns: 17794, Time: 00:55:44

Health: -4/130     AC: 20    Str: 32    XL:     14   Next: 52%
Magic:  14/18      EV:  9    Int:  5    God:    the Shining One [*****.]
Gold:   1235       SH:  9    Dex: 10    Spells: 13/13 levels left

rFire   + . .        C - +3 battleaxe (freeze)
rCold   . . .        (shield currently unavailable)
rNeg    + + .        D - +4 plate armour {rF+}
rPois   .            (helmet restricted)
rElec   .            (no cloak)
rCorr   .            (no gloves)
SInv    .            (no boots)
Will    ++...        i - amulet of regeneration Stlth
                     E - +6 ring of strength
HPRegen 1.21/turn    k - ring of flight
MPRegen 0.16/turn

%: no passive effects
@: divinely shielded, enlightened, flying, slowed, glowing, very slow
A: horns 2, retaliatory headbutt
a: Renounce Religion, Divine Shield, Cleansing Flame, Summon Divine Warrior


You were on level 1 of the Orcish Mines.
You worshipped the Shining One.
The Shining One was extremely pleased with you.
You visited 4 branches of the dungeon, and saw 19 of its levels.

You collected 1235 gold pieces.

Inventory:

Hand Weapons
 v - a +0 executioner's axe
 C - a +3 battleaxe of freezing (weapon)
Missiles
 g - a throwing net
Armour
 D - a +4 plate armour of fire resistance (worn)
Jewellery
 i - an amulet of regeneration (around neck)
 k - a ring of flight (right hand)
 l - a ring of see invisible
 n - a ring of fire
 p - a +5 ring of evasion
 q - an amulet of the acrobat
 t - a +6 ring of dexterity
 E - a +6 ring of strength (left hand)
Wands
 c - a wand of charming (9)
 f - a wand of flame (27)
 r - a wand of quicksilver (16)
 y - a wand of mindburst (33)
Scrolls
 b - 2 scrolls of fear
 d - a scroll of fog
 h - 4 scrolls of teleportation
 j - a scroll of blinking
 A - a scroll of amnesia
Potions
 a - a potion of haste {unknown}
 e - a potion of invisibility
 s - 4 potions of brilliance
 u - 5 potions of lignification
 w - 2 potions of magic
 x - 2 potions of enlightenment
 z - 6 potions of attraction


   Skills:
 * Level 13.8 Fighting
 * Level 19.7 Axes
 * Level 14.2 Armour
 + Level 0.8 Dodging
 + Level 0.1 Stealth
 * Level 11.1 Shields
 * Level 7.9 Invocations


You had 13 spell levels left.
You didn't know any spells.
Your spell library contained the following spells:

 Spells                   Type           Power      Damage    Failure   Level
 Apportation              Tloc           0%         N/A       95%         1
 Magic Dart               Conj           0%         1d3       95%         1
 Call Imp                 Summ           0%         N/A       99%         2
 Jinxbite                 Hex            0%         N/A       99%         2
 Lesser Beckoning         Tloc           0%         N/A       99%         2
 Poisonous Vapours        Pois/Air       0%         N/A       99%         2
 Static Discharge         Conj/Air       0%         2-2/arc   99%         2
 Frozen Ramparts          Ice            0%         1d1       100%        3
 Gell's Gravitas          Tloc           0%         N/A       100%        3
 Hailstorm                Conj/Ice       0%         3d3       100%        3
 Ignite Poison            Fire/Tmut/Pois 0%         N/A       100%        3
 Mephitic Cloud           Conj/Pois/Air  0%         N/A       100%        3
 Ozocubu's Armour         Ice            0%         N/A       100%        3
 Teleport Other           Tloc           0%         N/A       100%        3
 Volatile Blastmotes      Fire/Tloc      0%         2d10      100%        3
 Airstrike                Air            0%         2d(0-16)  100%        4
 Fulminant Prism          Conj/Hex       0%         3d5       100%        4
 Iskenderun's Mystic Bla  Conj/Tloc      0%         2d3       100%        4
 Petrify                  Tmut/Erth      0%         N/A       100%        4
 Sticky Flame             Conj/Fire      0%         2d3       100%        4
 Summon Ice Beast         Ice/Summ       0%         N/A       100%        4
 Summon Lightning Spire   Summ/Air       0%         N/A       100%        4
 Alistair's Intoxication  Tmut/Pois      0%         N/A       100%        5
 Freezing Cloud           Conj/Ice/Air   0%         6-21      100%        5
 Metabolic Englaciation   Hex/Ice        0%         N/A       100%        5
 Simulacrum               Ice/Necr       0%         N/A       100%        6
 Ignition                 Fire           0%         3d3       100%        8


Dungeon Overview and Level Annotations

Branches:
Dungeon (12/15)            Temple (1/1) D:4            Lair (5/5) D:11
  Swamp (0/4) Lair:2        Snake (0/4) Lair:2        Slime (0/5) Lair:4
    Orc (1/2) D:12

Altars:
Ashenzari
Cheibriados
Dithmenos
Elyvilon
Fedhas
Gozag
Hepliaklqana
Kikubaaqudgha
Makhleb
Nemelex Xobeh
Okawaru
Ru
Sif Muna
Trog
Uskayaw
Vehumet
Wu Jian
Xom
Yredelemnul
Zin
The Shining One
Jiyva

Shops:
D:4 :   D:9 (

Annotations:
D:3 Ijyb
Lair:4 exclusion: 2 oklob plants


Innate Abilities, Weirdness & Mutations

You have a pair of horns on your head.
You reflexively headbutt those who attack you in melee.


Message History

The orc warrior shouts! x2
The orc knight hits you with a +1 bardiche of flaming!
* * * LOW HITPOINT WARNING * * *
The orc knight burns you.
* * * LOW HITPOINT WARNING * * *
An orc wizard comes into view. It is wielding a +0 dagger.
You block the orc's attack.
An orc warrior comes into view. It is wielding a +0 mace.
The orc warrior shouts!
The orc wizard shouts!
You slash the orc knight! You freeze the orc knight.
The orc knight is lightly wounded.
You slash the orc! You freeze the orc.
You kill the orc!
You hear a shout!
The orc knight roars a battlecry!
The orcs go into a battle-frenzy!
You slice the orc knight!! You freeze the orc knight!
The orc knight is severely wounded.
You completely miss the orc wizard. You block the orc knight's attack.
The orc wizard hits you but does no damage.
You barely miss the orc knight. You headbutt the orc knight!
The orc knight is almost dead.
You barely miss the orc wizard.
The orc knight hits you with a +1 bardiche of flaming!
* * * LOW HITPOINT WARNING * * *
The orc knight burns you.
* * * LOW HITPOINT WARNING * * *
An orc priest comes into view. It is wielding a +0 hand axe.
You block the orc wizard's attack.
It was a potion of enlightenment.
You feel more buoyant.
The orc wizard hits you but does no damage.
The orc priest looks encouraged for a moment.
You block the orc knight's attack.
You slice the orc knight!! You freeze the orc knight.
You kill the orc knight!
You slash the orc warrior! You freeze the orc warrior.
The orc priest calls down the wrath of Beogh upon you.
Beogh smites you!
You die...

#.#..............
##....>..#.>.....#
#................###
#............o...#.##
.......o.........<..#
....$.).##...oo..#.##
.........#.oo.....###
.....#...##o#o......##
...........)@))......#
.##..............##.##
##...#.#....#...###
#...##.#.#...#.## ##.#
.....#...## ##
##...###..# ##...
#...# #... #..#


You could see 4 orc warriors, an orc priest and an orc wizard (strong).

Vanquished Creatures
  An ettin (Orc:1)
  A fire dragon (Lair:5)
  Fannar (D:11)
  4 hydras
  An ice dragon (Lair:4)
  2 catoblepae
  3 boulder beetles
  2 two-headed ogres (D:12)
  2 tengu warriors (D:11)
  5 death yaks (Lair:4)
  Urug (D:11)
  2 skysharks
  The ghost of pants the Cleaver, a novice HOFi of Beogh (D:7)
  Nergalle (D:11)
  Amaemon (Lair:2)
  Sonja (Orc:1)
  A sun demon (D:11)
  The ghost of BeowulfAlex the Mimic, a novice OpSh of Gozag (D:7)
  2 lindwurms
  An orc knight (Orc:1)
  A manticore (D:12)
  7 elephants
  4 cyclopes
  A rust devil (D:11)
  11 black mambas
  A torpor snail (Lair:3)
  3 orange demons
  2 molten gargoyles (Lair:5)
  A gargoyle (D:11)
  8 cane toads
  16 komodo dragons
  A rime drake (Lair:1)
  An unseen horror (D:8)
  An ice devil (D:11)
  7 polar bears
  6 trolls
  3 hellwings (D:11)
  Grinder (D:4)
  16 blink frogs
  3 dream sheep
  A ynoxinul (D:11)
  9 wyverns
  A shadow (D:11)
  3 basilisks (Lair:5)
  4 wraiths
  37 yaks
  2 steam dragons
  2 chaos spawn (D:11)
  A warg (D:12)
  5 nagas (Lair:2)
  9 water moccasins
  3 hell hounds (Lair:5)
  An ice beast (D:6)
  7 orc warriors
  4 black bears
  A sky beast (D:7)
  An ogre (Orc:1)
  20 wolves
  A centaur (D:9)
  2 phantoms
  A kobold brigand (D:6)
  2 gnoll sergeants
  10 bullfrogs
  2 scorpions
  8 wights
  8 killer bees
  7 electric eels
  2 howler monkeys (D:10)
  5 lava snakes (Lair:5)
  3 quasits (D:11)
  2 jellies
  Crazy Yiuf (D:2)
  2 hounds
  8 orc priests
  3 iguanas
  9 orc wizards
  Robin (D:4)
  9 gnolls
  3 adders
  2 ufetubi (D:4)
  3 dart slugs
  38 orcs
  2 bats (D:2)
  8 endoplasms
  2 giant cockroaches (D:1)
  15 goblins
  7 hobgoblins
  9 jackals
  4 quokkas
  5 ball pythons
  5 frilled lizards
  14 kobolds
  3 rats
445 creatures vanquished.

Vanquished Creatures (others)
  A hound (D:7)
1 creature vanquished.

Grand Total: 446 creatures vanquished

Notes
Turn   | Place    | Note
-------+----------+-------------------------------------------
     0 | D:1      | RickyP602 the Minotaur Fighter began the quest for the Orb.
     0 | D:1      | Reached XP level 1. HP: 19/19 MP: 0/0
   292 | D:1      | Reached XP level 2. HP: 27/27 MP: 1/1
   824 | D:2      | Reached XP level 3. HP: 32/33 MP: 2/2
   966 | D:2      | Reached skill level 3 in Axes
  1026 | D:2      | Reached XP level 4. HP: 40/40 MP: 3/3
  1264 | D:2      | Found a runed translucent door.
  1265 | D:2      | Noticed Crazy Yiuf
  1271 | D:2      | Killed Crazy Yiuf
  1546 | D:3      | Noticed Ijyb
  1546 | D:3      | You are sucked into a shaft and drop 2 floors!
  1546 | D:5      | Entered Level 5 of the Dungeon
  1562 | D:4      | Noticed Robin
  1589 | D:4      | Killed Robin
  1590 | D:4      | Reached skill level 4 in Axes
  1888 | D:4      | Found a staircase to the Ecumenical Temple.
  1902 | Temple   | Entered the Ecumenical Temple
  1981 | Temple   | Became a worshipper of the Shining One
  2020 | D:4      | Reached XP level 5. HP: 43/47 MP: 4/4
  2091 | D:4      | Noticed Grinder
  2112 | D:4      | Killed Grinder
  2113 | D:4      | Reached skill level 5 in Fighting
  2113 | D:4      | Reached skill level 5 in Axes
  2113 | D:4      | Reached skill level 5 in Armour
  2113 | D:4      | Reached XP level 6. HP: 21/56 MP: 5/5
  2308 | D:4      | Found Rasilaz's Tiny Tomes.
  2477 | D:4      | Found a sparkling altar of Nemelex Xobeh.
  2545 | D:4      | Reached skill level 6 in Axes
  2545 | D:4      | Reached XP level 7. HP: 58/61 MP: 6/6
  2759 | D:4      | Found a basalt altar of Yredelemnul.
  2760 | D:4      | Found a bloodstained altar of Trog.
  2951 | D:4      | Found an ornate altar of the Wu Jian Council.
  3314 | D:5      | Reached * piety under the Shining One
  3546 | D:5      | Found a hazy altar of Hepliaklqana.
  4043 | D:6      | Reached skill level 7 in Axes
  4060 | D:6      | Noticed a +0 dagger
  4066 | D:6      | Found a hide-covered altar of Uskayaw.
  4066 | D:6      | Noticed a +0 spear
  4066 | D:6      | Noticed a +0 short sword
  4066 | D:6      | Noticed a +0 dagger
  4067 | D:6      | Noticed a +0 short sword
  4067 | D:6      | Noticed a +0 falchion
  4068 | D:6      | Noticed a +0 falchion
  4070 | D:6      | Noticed a +0 spear
  4094 | D:6      | Found an iron altar of Okawaru.
  4094 | D:6      | Found a runed translucent door.
  4099 | D:6      | Found the +0 toga "Victory" {*Victory Clar}
  4205 | D:6      | Reached skill level 5 in Shields
  4205 | D:6      | Reached XP level 8. HP: 11/71 MP: 7/7
  4265 | D:6      | Reached skill level 8 in Axes
  4265 | D:6      | Reached skill level 1 in Invocations
  4631 | D:6      | Found a shimmering altar of Xom.
  4729 | D:6      | Found a burning altar of Makhleb.
  4731 | D:6      | Found a glowing silver altar of Zin.
  4731 | D:6      | Noticed an angel
  4732 | D:6      | Noticed a blizzard demon
  4989 | D:6      | Reached ** piety under the Shining One
  4992 | D:6      | Reached skill level 9 in Axes
  5226 | D:7      | Reached XP level 9. HP: 44/79 MP: 9/9
  5379 | D:7      | Found a runed translucent gate.
  5379 | D:7      | Found a runed translucent gate.
  5380 | D:7      | Found a runed translucent gate.
  5381 | D:7      | Noticed BeowulfAlex's ghost (novice OpSh)
  5381 | D:7      | Noticed pants's ghost (novice HOFi)
  5412 | D:7      | Killed pants's ghost
  5413 | D:7      | Reached skill level 10 in Axes
  5418 | D:7      | Killed BeowulfAlex's ghost
  5609 | D:7      | Reached skill level 11 in Axes
  6305 | D:8      | Noticed a two-headed ogre
  6318 | D:8      | The Shining One protects you from harm!
  6321 | D:8      | Found a radiant altar of Vehumet.
  6579 | D:8      | Identified the +2 scale mail "Byupnusa" {+Blink}
  6888 | D:8      | Reached XP level 10. HP: 76/88 MP: 11/11
  6891 | D:8      | Reached skill level 12 in Axes
  7988 | D:9      | Found a shadowy altar of Dithmenos.
  8278 | D:9      | Found Meby's Antique Weapon Shoppe.
  8465 | D:10     | Entered Level 10 of the Dungeon
  9014 | D:10     | Reached *** piety under the Shining One
  9017 | D:10     | Reached skill level 13 in Axes
  9286 | D:11     | Noticed a gargoyle
  9298 | D:11     | Killed a gargoyle
  9308 | D:11     | Noticed an orange demon
  9311 | D:11     | Noticed an orange demon
  9322 | D:11     | Killed an orange demon
  9323 | D:11     | Reached skill level 10 in Armour
  9344 | D:11     | Killed an orange demon
  9345 | D:11     | Reached XP level 11. HP: 57/95 MP: 13/13
  9560 | D:11     | Noticed Urug
  9565 | D:11     | Killed Urug
  9686 | D:11     | Reached skill level 14 in Axes
  9934 | D:11     | Noticed Nergalle
  9941 | D:11     | Killed Nergalle
 10005 | D:11     | Noticed a sun demon
 10011 | D:11     | Killed a sun demon
 10011 | D:11     | Reached **** piety under the Shining One
 10020 | D:11     | Reached skill level 5 in Invocations
 10020 | D:11     | HP: 4/99 [ice devil (22)]
 10345 | D:11     | Found a staircase to the Lair.
 10352 | Lair:1   | Entered Level 1 of the Lair of Beasts
 10529 | Lair:1   | Reached skill level 10 in Fighting
 10627 | Lair:1   | Reached skill level 15 in Axes
 10851 | Lair:1   | Reached XP level 12. HP: 75/107 MP: 15/15
 10954 | Lair:1   | Noticed a catoblepas
 10974 | Lair:1   | Found a runed translucent door.
 11175 | Lair:1   | Killed a catoblepas
 11667 | Lair:1   | Reached skill level 16 in Axes
 12445 | Lair:2   | Found a staircase to the Swamp.
 12447 | Lair:2   | Noticed Amaemon
 12453 | Lair:2   | HP: 2/108 [electric eel/bolt of electricity (15)]
 12458 | Lair:2   | HP: 5/108 [poisoned by a scorpion]
 12478 | Lair:2   | Killed Amaemon
 13038 | Lair:2   | Found a staircase to the Snake Pit.
 13073 | Lair:2   | Reached skill level 17 in Axes
 13535 | Lair:3   | Reached XP level 13. HP: 109/116 MP: 16/16
 14509 | Lair:4   | Reached skill level 18 in Axes
 14595 | Lair:4   | Found a viscous altar of Jiyva.
 14595 | Lair:4   | Found a staircase to the Slime Pits.
 14665 | Lair:4   | Reached ***** piety under the Shining One
 14721 | Lair:4   | Found a frozen archway.
 14750 | Lair:4   | Reached skill level 10 in Shields
 15176 | Lair:4   | Upgraded the game from 0.31-a0-806-g0bc164a743 to
                  | 0.31-a0-810-ga77100ea1a
 15233 | Lair:5   | Entered Level 5 of the Lair of Beasts
 15419 | Lair:5   | Found a shimmering blue altar of Sif Muna.
 15650 | Lair:5   | Noticed a fire dragon
 15657 | Lair:5   | Found a large runed translucent door.
 15663 | Lair:5   | Found a large runed translucent door.
 15845 | Lair:5   | Reached XP level 14. HP: 128/129 MP: 18/18
 15899 | Lair:5   | Reached skill level 19 in Axes
 16553 | Lair:5   | Identified a scroll of acquirement
 16554 | Lair:5   | Acquired 971 gold pieces
 16721 | D:11     | Noticed Fannar
 16730 | D:11     | Killed Fannar
 17317 | D:12     | Found a staircase to the Orcish Mines.
 17752 | Orc:1    | Entered Level 1 of the Orcish Mines
 17774 | Orc:1    | Noticed Sonja
 17778 | Orc:1    | Killed Sonja
 17792 | Orc:1    | HP: 6/130 [orc knight/+1 bardiche of flaming (1)]
 17794 | Orc:1    | Killed from afar by an orc priest

Illustrated notes

Levels and vault maps discovered:
D:1:      lemuel_arrival_river_bridge, layout_loops_cross
D:2:      wad_lake_hut, layout_basic, uniq_crazy_yiuf_cottage
D:3:      layout_basic, palyth_stone_intersect, uniq_ijyb
D:4:      layout_basic, gammafunk_temple_overflow_statue,
          pdpol_wu_jian_five_deadly_venoms, nemelex_xobeh_ov_fountains_minmay,
          minmay_temple_entry_statues_pillars, nicolae_hexahallways,
          nicolae_shop_i_like_small_books_too, uniq_grinder, uniq_robin
D:5:      layout_layer_cave, kennysheep_mini
D:6:      layout_rooms, grunt_temple_overflow_order_and_chaos_2,
          nicolae_overflow_guarded_unrand_okawaru_victory,
          mainiacjoe_overflow_24_doors, nicolae_uskayaw_en_pointe,
          minmay_starry_boxes
D:7:      layout_basic, gammafunk_ghost_cemetery,
          corexii_item_surrounded_by_moat, hangedman_decor_clover_reticule
D:8:      layout_cave_pods, nicolae_qazlal_general_emergency,
          nicolae_vehumet_radiance, grunt_decor_clamped, glass_columns_b
D:9:      layout_layer_cave, general_overflow_altar, serial_shops,
          nicolae_take_the_stairs, minmay_large_rounded_square,
          minmay_unpleasant_kobolds
D:10:     layout_basic
D:11:     layout_roguey, grunt_lair_entry_orc_guard_hut, serial_demonic,
          serial_demonic_b, serial_demonic_g, serial_demonic_c,
          serial_demonic_a, serial_demonic_f, uniq_urug, uniq_fannar,
          uniq_nergalle
D:12:     layout_roguey, david_orc_3
Temple:   chequers_temple_sunken
Lair:1:   gammafunk_lair_enchanted_lake, layout_cave_pods, beast_lair_carwin_8
Lair:2:   layout_concentric_octagons, minmay_swamp_entry_eels,
          minmay_snake_entry_guardpost_medium, uniq_amaemon
Lair:3:   layout_regular_city, grunt_megastairs_2
Lair:4:   layout_cave_pods, dpeg_slime_entry_enclosed,
          portal_ice_cave_entry_animals_and_master, dpeg_oklob_1
Lair:5:   cheibrodos_lair_end_hotspot, layout_gridlike, basic_altar,
          st_stairs_12, chequers_serial_rivers_small_b
Orc:1:    layout_caves, david_defended_altar_orc, uniq_sonja

Skill      XL: |  1  2  3  4  5  6  7  8  9 10 11 12 13 14 |
---------------+-------------------------------------------+-----
Armour         | 4 5 6 7 9 10 11 12 13 14 | 14.2
Fighting       | 4 5 6 7 8 10 11 13 | 13.8
Axes           | 3 4 5 6 7 9 11 13 15 17 18 19 | 19.7
Shields        | 4 5 6 7 8 9 10 11 | 11.1
Invocations    | 2 3 4 5 6 7 |  7.9
Dodging        | |  0.8
Stealth        | |  0.1

Action                     |  1- 3 |  4- 6 |  7- 9 | 10-12 | 13-15 || total
---------------------------+-------+-------+-------+-------+-------++-------
  Melee: War axe           |    86 |    99 |   172 |    43 |       ||   400
         Headbutt          |     8 |     9 |    54 |    84 |    88 ||   243
         Battleaxe         |       |       |       |   291 |   348 ||   639
 Invoke: Divine Shield     |       |       |     1 |     4 |     5 ||    10
  Evoke: Wand              |       |       |       |       |     2 ||     2
    Use: Potion            |       |     1 |     3 |     7 |     2 ||    13
         Scroll            |       |       |    14 |     9 |     6 ||    29
 Armour: Scale mail        |    15 |       |       |       |       ||    15
         Plate armour      |    71 |    98 |   124 |   352 |   355 ||  1000
  Dodge: Dodged            |    32 |    35 |    90 |   242 |   155 ||   554
  Block: Buckler           |    25 |    23 |    55 |    17 |       ||   120
         Other             |       |       |       |    21 |    11 ||    32

Table legend: (Time is in decaauts)
 A = Elapsed time spent in this place.
 B = Non-inter-level travel time spent in this place.
 C = Inter-level travel time spent in this place.
 D = Time resting spent in this place.
 E = Time spent auto-exploring this place.
 F = Levels seen in this place.
 G = Mean time per level.
                   A        B        C        D        E       F      G
               +--------+--------+--------+--------+--------+-----+--------+
         Total |  17796 |  16908 |    888 |   1673 |  12550 |  19 |  936.6 |
       Dungeon |  11394 |  10880 |    514 |   1159 |   8283 |  12 |  949.5 |
        Temple |     97 |     79 |     18 |      0 |      0 |   1 |   97.0 |
          Lair |   6257 |   5902 |    355 |    514 |   4253 |   5 | 1251.4 |
  Orcish Mines |     47 |     47 |      0 |      0 |     14 |   1 |   47.0 |
               +--------+--------+--------+--------+--------+-----+--------+

Top non-repeatable levels by time:
  Lair:1: 2013 daAuts
     D:4: 1406 daAuts
  Lair:5: 1292 daAuts
    D:11: 1234 daAuts
     D:9: 1224 daAuts
     D:7: 1152 daAuts
     D:6: 1115 daAuts
  Lair:2: 1073 daAuts
    D:10: 1020 daAuts
     D:5: 1009 daAuts
  Lair:4: 992 daAuts
     D:8: 954 daAuts
  Lair:3: 885 daAuts
     D:2: 775 daAuts
     D:1: 723 daAuts
